 Dungeon Crawl Stone Soup version 0.31-a0-700-gf13585253f (webtiles) character file.

Game seed: 7116099947661201207

203 qw the Shooter (level 5, -2/33 HPs)
             Began as a Gargoyle Hunter on Sept 7, 2023.
             Slain by an ogre
             ... wielding a +0 giant spiked club
              (6 damage)
             ... on level 4 of the Dungeon.
             The game lasted 00:00:52 (2463 turns).

qw the Shooter (Gargoyle Hunter)                    Turns: 2463, Time: 00:00:52

Health: -2/33      AC: 10    Str: 15    XL:     5   Next: 81%
Magic:  5/5        EV: 11    Int:  9    God:
Gold:   141        SH:  0    Dex: 15    Spells: 4/4 levels left

rFire   . . .        Y - +0 arbalest
rCold   . . .        (shield currently unavailable)
rNeg    + . .        d - +0 ring mail
rPois   inf          (no helmet)
rElec   +            (no cloak)
rCorr   .            (no gloves)
SInv    .            j - +0 pair of boots
Will    .....        (no amulet)
Stlth   +            (no ring)
HPRegen 0.25/turn    (no ring)
MPRegen 0.09/turn

%: no passive effects
@: no status effects
A: sickness immunity, AC +4, negative energy resistance 1, electricity
resistance, torment resistance 1, petrification resistance
a: no special abilities


You were on level 4 of the Dungeon.
You visited 1 branch of the dungeon, and saw 4 of its levels.

You collected 141 gold pieces.


Innate Abilities, Weirdness & Mutations

You are immune to sickness and miasma.
Your stone body is resilient. (AC +4)
You are immune to poison.
You resist negative energy. (rN+)
You are resistant to electric shocks. (rElec)
You are resistant to unholy torment.
You are immune to petrification.


   Skills:
 + Level 3.9 Fighting
 - Level 6.0 Ranged Weapons
 - Level 1.0 Armour
 - Level 1.5 Dodging
 - Level 1.1 Stealth


You had 4 spell levels left.
You didn't know any spells.
Your spell library was empty.

Inventory:

Hand Weapons
 Y - a +0 arbalest (weapon)
Armour
 d - a +0 ring mail (worn)
 j - a +0 pair of boots (worn)
Scrolls
 e - a scroll of identify
Potions
 b - a potion of brilliance {unknown}
 c - a potion of magic {unknown}
 f - 3 potions of curing
 g - a potion of experience {unknown}
 h - a potion of ambrosia {unknown}
 k - a potion of enlightenment {unknown}

Dungeon Overview and Level Annotations

Branches:
Dungeon (4/15)
 Temple: D:4-7

Altars:
Vehumet


Message History

You shoot a bolt. The bolt closely misses the hound.
The hound bites you. The hound misses you. x2
You shoot a bolt. The bolt closely misses the hound.
The hound closely misses you. The hound barely misses you.
You shoot a bolt. The bolt closely misses the hound.
The hound bites you but does no damage. The hound closely misses you.
The hound barely misses you.
You shoot a bolt. The bolt closely misses the hound.
The hound bites you. The hound barely misses you.
The hound bites you but does no damage.
You shoot a bolt. The bolt hits the hound!
You kill the hound!
You start resting.
HP restored.
Done exploring.
What level of the Dungeon? (default 4, ? - help)
You climb downwards.
The ogre hits you with a +0 giant spiked club!
There is a stone staircase leading up here.
You shoot a bolt. The bolt hits the ogre.
The ogre is lightly wounded.
The ogre barely misses you.
You shoot a bolt. The bolt barely misses the ogre.
The ogre barely misses you.
You shoot a bolt. The bolt hits the ogre.
The ogre is lightly wounded.
The ogre hits you with a +0 giant spiked club!
2460 ||| DRINKING potion of heal wounds.
You feel much better.
The ogre hits you with a +0 giant spiked club!
You shoot a bolt.
The bolt hits the ogre but does no damage.
The ogre is lightly wounded.
The ogre barely misses you.
You shoot a bolt. The bolt barely misses the ogre.
The ogre hits you with a +0 giant spiked club!
You shoot a bolt. The bolt hits the ogre!
The ogre is heavily wounded.
The ogre hits you with a +0 giant spiked club.
You die...

.. #. #.#
#.. #####..
#>.....##
........##.#
...)...@...#
.......O..##
....!.....#
..........#
..........#
..........#
...........
.........#..


You could see an ogre.

Vanquished Creatures
  A hound (D:3)
  An iguana (D:3)
  6 adders
  2 gnolls (D:3)
  A worm (D:2)
  4 dart slugs
  An orc (D:3)
  4 ball pythons
  6 endoplasms
  6 giant cockroaches
  6 goblins
  6 hobgoblins
  3 quokkas
  3 bats (D:3)
  4 frilled lizards
  5 kobolds
  3 rats
62 creatures vanquished.

Notes
Turn   | Place    | Note
-------+----------+-------------------------------------------
     0 | D:1      | qw the Gargoyle Hunter began the quest for the Orb.
     0 | D:1      | Reached XP level 1. HP: 12/12 MP: 1/1
     0 | D:1      | 0 ||| qw: Version: 0.3-a-76-g4403597
     0 | D:1      | 0 ||| qw: Game counter: 692
     0 | D:1      | 0 ||| qw: Melee chars always use a shield: true
     0 | D:1      | 0 ||| qw: God list: Okawaru
     0 | D:1      | 0 ||| qw: Allow faded altars: false
     0 | D:1      | 0 ||| qw: Do Orc after clearing Dungeon:15 true
     0 | D:1      | 0 ||| qw: Do second Lair branch before Depths: true
     0 | D:1      | 0 ||| qw: Lair rune preference: random
     0 | D:1      | 0 ||| qw: Goals: Normal
     0 | D:1      | 0 ||| PLANNING D:1-11
    45 | D:1      | Reached XP level 2. HP: 10/17 MP: 2/2
   162 | D:1      | 162 ||| SWAPPING to +0 arbalest.
   166 | D:1      | 166 ||| DROPPING +0 shortbow.
   347 | D:1      | Reached XP level 3. HP: 21/21 MP: 3/3
   527 | D:1      | Reached skill level 5 in Ranged Weapons
   649 | D:1      | 649 ||| READING scroll labelled ZUYGRU EZAPATE.
   650 | D:1      | 650 ||| READING scroll labelled OGASTR LANLEWU.
   651 | D:1      | 651 ||| READING 2 scrolls labelled MIL DOAK HABUSETO.
   652 | D:1      | 652 ||| READING scroll labelled GOOPLI KOEDYU.
   653 | D:1      | 653 ||| DROPPING scroll of butterflies.
   675 | D:2      | 675 ||| STAIRDANCE
   763 | D:2      | Reached skill level 3 in Fighting
   889 | D:2      | Reached XP level 4. HP: 28/28 MP: 4/4
  1181 | D:2      | 1181 ||| UPGRADING to +0 ring mail.
  1191 | D:2      | 1191 ||| DROPPING +0 leather armour.
  1192 | D:2      | 1192 ||| READING scroll labelled UDWYTW UHEDD.
  1584 | D:3      | Reached skill level 1 in Armour
  1773 | D:3      | Reached XP level 5. HP: 32/32 MP: 5/5
  1775 | D:3      | Found a radiant altar of Vehumet.
  2182 | D:3      | 2182 ||| UPGRADING to +0 pair of boots.
  2187 | D:3      | 2187 ||| READING scroll labelled FAOTIQ BAVE.
  2188 | D:3      | 2188 ||| DRINKING 4 golden potions.
  2189 | D:3      | 2189 ||| READING 2 scrolls of identify.
  2189 | D:3      | 2189 ||| IDENTIFYING emerald potion
  2201 | D:4      | 2201 ||| STAIRDANCE
  2208 | D:4      | 2208 ||| STAIRDANCE
  2224 | D:3      | Reached skill level 6 in Ranged Weapons
  2314 | D:4      | 2314 ||| STAIRDANCE
  2375 | D:4      | Noticed an ogre
  2376 | D:4      | 2376 ||| STAIRDANCE
  2397 | D:4      | 2397 ||| STAIRDANCE
  2459 | D:4      | HP: 2/33 [ogre/+0 giant spiked club (16)]
  2460 | D:4      | 2460 ||| DRINKING potion of heal wounds.
  2463 | D:4      | Slain by an ogre

Levels and vault maps discovered:
D:1:      sevenhm_arrival_forest_fort_small_3, layout_loops_ring,
          minmay_misc_feat_four_crosses
D:2:      layout_rooms, chequers_serial_rivers_micro_d,
          kennysheep_generic_room_6
D:3:      minmay_door_path, layout_loops_ring, vehumet_crystals,
          minmay_quantized
D:4:      layout_rooms, serial_shops, shop, hangedman_decor_clover_reticule,
          serial_park_tiny_1, minivault_25

Skill      XL: |  1  2  3  4  5 |
---------------+----------------+-----
Ranged Weapons | 5 6 |  6.0
Fighting       | 3 |  3.9
Armour         | 1 |  1.0
Dodging        | |  1.5
Stealth        | |  1.1

Action                     |  1- 3 |  4- 6 || total
---------------------------+-------+-------++-------
   Fire: Shortbow          |    31 |       ||    31
         Arbalest          |    56 |   111 ||   167
    Use: Scroll            |     4 |     3 ||     7
         Potion            |       |     2 ||     2
 Armour: Leather armour    |    35 |       ||    35
         Ring mail         |       |   108 ||   108
  Dodge: Dodged            |    26 |    91 ||   117

Table legend:
 A = Non-vault XP
 B = Vault XP
 C = Vault XP percentage of total XP
 D = Non-vault monster count
 E = Vault monster count
 F = Vault count percentage of total count
                 A         B        C        D         E       F
            +---------+---------+-------+---------+---------+-------
      Total |     252 |      38 |  13.1 |      54 |       8 |  12.9
            +---------+---------+-------+---------+---------+-------
        D:1 |      39 |       0 |   0.0 |      20 |       0 |   0.0
        D:2 |      44 |      16 |  26.7 |      10 |       3 |  23.1
        D:3 |     168 |      22 |  11.6 |      23 |       5 |  17.9
        D:4 |       1 |       0 |   0.0 |       1 |       0 |   0.0
            +---------+---------+-------+---------+---------+-------
